Map: Romanticide LE

Players

Pholus

  • Race: Zerg Zerg
  • League: Diamond

ViBE - Winner!

  • Race: Zerg Zerg
  • League: Diamond

VOD

Have the link to the VOD?

Description

Time

  • Played on: April 11, 2021, 1:06 a.m.
  • Length: 9:23
Show
View Real Time Build Order
Export as new Build Order

Pholus Zerg 

Build Orders: Pool First 

Get SALT Encoding   

  12  0:00  Drone  
  13  0:13  Overlord  
  13  0:16  Drone  
  14  0:31  Drone x2  
  16  0:41  Drone  
  17  0:45  Spawning Pool  
  17  0:49  Drone  
  17  0:56  Drone  
  18  1:04  Extractor  
  17  1:18  Hatchery, Drone  
  17  1:21  Drone  
  18  1:29  Drone  
  19  1:34  Queen  
  21  1:41  Overlord  
  21  1:53  Zergling x2  
  22  2:12  Queen  
  24  2:17  Metabolic Boost  
  24  2:19  Drone x2  
  26  2:31  Zergling x4  
  28  2:38  Queen  
  28  2:40  Zergling x2  
  31  2:52  Zergling x4  
  33  3:00  Drone  
  33  3:01  Drone x2  
  36  3:11  Overlord  
  36  3:28  Overlord  
  36  3:35  Drone x3  
  36  3:36  Drone x3  
  36  3:39  Hatchery  
  41  3:45  Drone x2  
  43  3:51  Roach Warren  
  42  4:04  Evolution Chamber  
  42  4:05  Evolution Chamber  
  42  4:07  Drone  
  42  4:08  Drone x4  
  45  4:10  Spine Crawler  
  42  4:27  Drone  
  42  4:28  Drone x3, Overlord  
  46  4:44  Spine Crawler  
  45  4:47  Zerg Missile Weapons Level 1  
  45  4:50  Queen x2  
  45  4:52  Drone x7  
  56  5:00  Zerg Ground Armor Level 1  
  56  5:03  Extractor  
  55  5:08  Extractor  
  55  5:10  Drone  
  55  5:11  Drone x2  
  57  5:26  Overlord  
  57  5:27  Overlord x2  
  57  5:35  Extractor  
  57  5:38  Drone  
  57  5:39  Drone x2  
  57  5:40  Roach  
  57  5:41  Roach x2  
  65  5:51  Drone x7  
  65  5:55  Pneumatized Carapace  
  72  5:59  Roach x3  
  72  6:00  Roach x2  
  82  6:04  Drone x3  
  85  6:14  Drone  
  85  6:15  Drone x2  
  88  6:20  Roach  
  88  6:25  Spore Crawler  
  89  6:27  Spore Crawler  
  89  6:30  Lair  
  89  6:32  Burrow  
  88  6:33  Drone  
  88  6:34  Drone  
  88  6:36  Spine Crawler  
  88  6:37  Spore Crawler  
  88  6:38  Drone x2  
  90  6:53  Overlord x4  
  90  6:54  Overlord x3  
  90  7:08  Zerg Melee Weapons Level 1  
  90  7:10  Overlord x2  
  90  7:11  Overlord x2  
  90  7:12  Overlord x2  
  90  7:13  Overlord  
  90  7:22  Drone  
  90  7:23  Drone x2  
  90  7:28  Extractor  
  91  7:30  Extractor  
  91  7:31  Zergling x8  
  91  7:32  Roach x8  
  91  7:34  Glial Reconstitution  
  110  7:40  Hatchery  
  110  7:44  Drone x3  
  111  7:45  Drone x3  
  115  8:03  Roach  
  115  8:04  Roach x6  
  129  8:14  Hatchery  
  129  8:15  Roach x6  
  129  8:19  Hydralisk Den  
  139  8:20  Drone  
  140  8:32  Roach  
  140  8:33  Roach x7  
  149  8:39  Roach x3  
  156  8:55  Roach x4  
  148  8:56  Roach x2  
  148  9:00  Roach  
  148  9:01  Roach x4  
Show
View Real Time Build Order
Export as new Build Order

ViBE Zerg - Winner!

Build Orders: Hatch First 

Get SALT Encoding   

  12  0:00  Drone  
  13  0:13  Overlord  
  13  0:18  Drone  
  14  0:32  Drone  
  14  0:33  Drone  
  16  0:49  Hatchery  
  15  0:53  Drone  
  15  0:55  Drone  
  17  1:05  Drone  
  18  1:12  Extractor  
  17  1:19  Spawning Pool  
  17  1:21  Drone x2  
  18  1:33  Drone  
  19  1:48  Overlord  
  19  2:03  Drone  
  19  2:06  Drone  
  19  2:07  Queen x2, Zergling x2  
  26  2:18  Drone, Metabolic Boost  
  27  2:23  Spine Crawler  
  27  2:24  Drone  
  27  2:25  Drone  
  28  2:33  Drone x3  
  31  2:45  Drone x2  
  31  2:50  Baneling Nest  
  32  3:02  Overlord  
  32  3:03  Drone  
  33  3:12  Zergling x2  
  33  3:13  Zergling x2  
  34  3:20  Zergling x14  
  41  3:39  Zergling x4  
  43  3:42  Baneling x3  
  43  3:43  Baneling  
  43  3:49  Overlord  
  43  3:50  Overlord  
  43  3:59  Drone  
  44  4:04  Overlord  
  44  4:07  Overlord  
  44  4:08  Drone  
  44  4:09  Drone x3  
  48  4:10  Hatchery  
  47  4:18  Drone x2  
  47  4:26  Drone x3  
  47  4:28  Drone, Lair  
  51  4:32  Drone  
  51  4:36  Roach Warren  
  51  4:39  Evolution Chamber  
  51  4:41  Evolution Chamber  
  51  4:42  Drone  
  51  4:43  Drone x3  
  53  4:51  Queen, Overlord  
  53  4:52  Extractor x2  
  53  4:56  Drone  
  53  4:59  Drone x4  
  58  5:04  Drone x3  
  61  5:10  Drone  
  62  5:16  Drone  
  62  5:17  Drone  
  64  5:23  Overlord  
  64  5:26  Drone x3  
  64  5:27  Drone, Queen, Glial Reconstitution  
  70  5:28  Zerg Missile Weapons Level 1  
  70  5:39  Extractor  
  70  5:40  Drone  
  70  5:41  Drone x5  
  75  5:46  Overlord  
  75  5:51  Overlord  
  75  5:52  Overlord  
  75  6:04  Drone x3  
  75  6:09  Roach x6  
  75  6:10  Roach  
  92  6:13  Overlord  
  92  6:14  Overlord  
  92  6:15  Hatchery  
  92  6:18  Zerg Ground Armor Level 1  
  90  6:22  Roach x2  
  90  6:23  Roach  
  96  6:27  Overlord  
  96  6:29  Overlord  
  96  6:33  Roach x3  
  96  6:35  Roach  
  96  6:36  Roach  
  106  6:42  Roach x3  
  106  6:43  Roach  
  114  6:48  Roach x3  
  114  6:52  Overlord  
  120  6:54  Roach  
  120  6:55  Roach x2  
  126  7:02  Roach x4  
  134  7:09  Roach x4  
  134  7:12  Overlord  
  134  7:15  Overlord  
  141  7:24  Roach x4  
  141  7:27  Overlord  
  141  7:28  Overlord  
  141  7:29  Overlord  
  149  7:33  Roach x2  
  153  7:39  Roach x2  
  153  7:42  Roach  
  159  7:46  Roach x4  
  159  7:48  Roach  
  169  7:51  Roach  
  169  7:52  Roach  
  169  7:56  Roach  
  169  7:57  Roach  
  177  7:58  Roach  
  177  8:05  Roach x2  
  183  8:06  Roach  
  183  8:10  Roach  
  183  8:11  Roach  
  189  8:15  Roach  
  189  8:16  Roach  
  189  8:17  Roach  
  195  8:20  Roach  
  195  8:23  Roach  
  187  8:58  Roach x9  
  187  8:59  Roach  
Tags
 
Add a new tag
Caveats
  • Supply blocks, unpowered buildings, or Contaminate may cause inaccurate times.
  • Supply counts are checked every 10 seconds.